Map: 아너그라운드 - 래더

Players

aLive

  • Race: Terran Terran
  • League: Master
  • Spawn Location: 5:00

Stats - Winner!

  • Race: Protoss Protoss
  • League: Master
  • Spawn Location: 11:00

Event: IEM XI Katowice - World Championship 2017

VOD

Have the link to the VOD?

Description

Time

  • Played on: March 2, 2017, 5:36 a.m.
  • Length: 9:20

All games in this series

Show
View Real Time Build Order
Export as new Build Order

aLive Terran 

Build Orders: 1/1/1, Cyclone Opening, MMM Bio 

Get SALT Encoding   

  12  0:00  SCV  
  13  0:12  SCV  
  14  0:17  Supply Depot  
  14  0:24  SCV  
  15  0:29  Refinery  
  15  0:39  SCV  
  16  0:45  Barracks  
  16  0:51  SCV  
  17  1:03  SCV  
  18  1:05  Refinery  
  18  1:15  SCV  
  19  1:27  SCV  
  20  1:35  Marine, Factory  
  21  1:41  Orbital Command  
  21  1:51  Supply Depot  
  21  1:54  Marine  
  22  2:06  SCV  
  23  2:13  Marine  
  24  2:18  SCV  
  24  2:20  Starport  
  25  2:25  Widow Mine  
  27  2:31  Marine, SCV  
  27  2:37  Supply Depot  
  29  2:43  SCV  
  29  2:52  Marine  
  29  2:58  Cyclone, Medivac  
  35  2:59  SCV  
  36  3:08  Supply Depot  
  36  3:10  Marine  
  36  3:11  SCV  
  38  3:23  SCV  
  39  3:29  Barracks Reactor  
  39  3:36  Command Center  
  39  3:38  SCV  
  43  3:51  SCV  
  43  3:55  Barracks  
  41  3:56  Barracks  
  41  3:58  Starport Tech Lab  
  41  4:00  Factory Tech Lab  
  41  4:08  Marine x2  
  43  4:15  SCV  
  42  4:27  Engineering Bay, SCV  
  42  4:30  Marine x2, Starport Reactor  
  42  4:31  Factory Reactor  
  42  4:39  SCV  
  41  4:49  Marine x2  
  41  4:51  Stimpack  
  41  4:52  Orbital Command  
  43  4:53  SCV  
  44  5:00  Marine x2  
  44  5:05  SCV  
  47  5:08  Marine x2  
  47  5:11  Terran Infantry Weapons Level 1  
  49  5:16  Supply Depot  
  49  5:18  SCV  
  49  5:19  SCV  
  51  5:22  Marine x2  
  51  5:26  Marine x2  
  55  5:29  Widow Mine x2, Medivac  
  55  5:34  SCV  
  62  5:36  Supply Depot  
  62  5:37  Medivac  
  62  5:39  Supply Depot  
  64  5:43  SCV  
  64  5:46  SCV  
  64  5:47  Combat Shields  
  64  5:48  Marine x3  
  69  5:50  Marine  
  70  6:06  SCV x2  
  70  6:08  Marine  
  70  6:09  Marine x2  
  75  6:12  Marine  
  75  6:14  Command Center  
  75  6:16  Supply Depot  
  76  6:18  SCV x2  
  78  6:29  Barracks x2  
  78  6:32  SCV x2  
  80  6:36  Supply Depot  
  80  6:43  Refinery  
  80  6:44  Refinery  
  80  6:46  Marine  
  81  6:47  Marine x3  
  81  6:51  Concussive Shells  
  81  6:52  SCV x2  
  85  6:57  Widow Mine  
  85  6:58  Widow Mine, Medivac  
  85  6:59  Medivac  
  93  7:05  Terran Infantry Armor Level 1  
  93  7:07  SCV x2  
  95  7:17  Marine  
  95  7:18  Marine, Barracks Tech Lab, Barracks Reactor  
  95  7:19  Marauder x2  
  101  7:25  SCV  
  101  7:26  SCV  
  103  7:30  Widow Mine x2  
  103  7:36  Orbital Command  
  103  7:37  SCV  
  103  7:41  Supply Depot  
  103  7:42  Supply Depot, Missile Turret  
  103  7:44  Supply Depot, SCV  
  105  7:46  Liberator  
  105  7:47  Liberator  
  105  7:49  Missile Turret, SCV  
  106  7:52  Supply Depot  
  106  7:55  Marine x4  
  103  8:02  Widow Mine x2  
  111  8:10  SCV x2  
  113  8:19  Armory, SCV  
  114  8:20  Engineering Bay  
  114  8:22  SCV x2  
  116  8:30  Barracks  
  116  8:32  Barracks  
  116  8:33  Widow Mine x2  
  120  8:35  SCV x3  
  117  8:53  Marine x2  
  117  8:54  Marine x2, Marauder x2  
  117  8:55  Marauder, SCV x2  
  129  9:00  Supply Depot  
Show
View Real Time Build Order
Export as new Build Order

Stats Protoss - Winner!

Build Orders: 1 Gate Expand, Oracle Opening, Phoenix Opening 

Get SALT Encoding   

  12  0:00  Probe (Chrono Boost)  
  13  0:11  Probe (Chrono Boost)  
  14  0:19  Pylon  
  14  0:22  Probe (Chrono Boost)  
  15  0:38  Probe (Chrono Boost)  
  15  0:40  Gateway  
  16  0:48  Probe (Chrono Boost)  
  16  0:49  Assimilator  
  17  0:59  Probe (Chrono Boost)  
  18  1:09  Probe (Chrono Boost)  
  19  1:20  Probe (Chrono Boost)  
  19  1:24  Nexus  
  20  1:35  Cybernetics Core  
  20  1:38  Probe (Chrono Boost)  
  21  1:43  Assimilator  
  21  1:49  Probe (Chrono Boost)  
  22  1:54  Pylon  
  22  1:59  Probe (Chrono Boost)  
  23  2:08  Adept  
  23  2:12  Warp Gate  
  23  2:13  Probe (Chrono Boost)  
  26  2:26  Probe (Chrono Boost)  
  27  2:32  Adept  
  27  2:34  Stargate  
  30  2:38  Probe x2 (Chrono Boost)  
  31  2:48  Probe (Chrono Boost)  
  31  2:50  Probe (Chrono Boost)  
  33  2:59  Probe (Chrono Boost)  
  33  3:03  Probe (Chrono Boost)  
  35  3:09  Probe (Chrono Boost)  
  35  3:10  Pylon  
  35  3:12  Oracle  
  36  3:15  Probe (Chrono Boost)  
  40  3:21  Probe (Chrono Boost)  
  42  3:27  Probe (Chrono Boost)  
  42  3:31  Nexus  
  42  3:35  Probe (Chrono Boost)  
  42  3:39  Probe (Chrono Boost)  
  44  3:45  Phoenix  
  44  3:46  Mothership Core (Chrono Boost)  
  48  3:49  Pylon  
  48  3:51  Probe (Chrono Boost)  
  50  4:03  Probe (Chrono Boost)  
  50  4:04  Probe (Chrono Boost)  
  50  4:06  Phoenix  
  51  4:17  Adept  
  51  4:26  Mothership Core (Chrono Boost)  
  54  4:33  Assimilator x2, Probe (Chrono Boost)  
  54  4:34  Gateway x2  
  54  4:38  Phoenix  
  54  4:43  Probe (Chrono Boost)  
  54  4:44  Probe (Chrono Boost)  
  54  4:45  Probe (Chrono Boost)  
  59  4:54  Probe (Chrono Boost)  
  59  4:55  Probe (Chrono Boost)  
  59  4:57  Probe (Chrono Boost)  
  62  5:01  Twilight Council  
  62  5:02  Forge  
  62  5:04  Probe (Chrono Boost)  
  62  5:05  Phoenix, Probe (Chrono Boost)  
  64  5:09  Probe (Chrono Boost)  
  67  5:14  Pylon  
  67  5:15  Probe (Chrono Boost)  
  67  5:16  Probe (Chrono Boost)  
  70  5:21  Protoss Ground Weapons Level 1, Probe (Chrono Boost)  
  70  5:26  Resonating Glaives, Probe (Chrono Boost)  
  70  5:27  Probe (Chrono Boost)  
  72  5:29  Phoenix  
  72  5:33  Probe (Chrono Boost)  
  72  5:34  Gateway x2  
  75  5:37  Gateway  
  75  5:38  Pylon  
  77  5:43  Probe x2 (Chrono Boost)  
  77  5:47  Gateway  
  77  5:50  Gateway  
  77  5:51  Phoenix  
  79  6:01  Robotics Facility  
  79  6:06  Probe x3 (Chrono Boost)  
  79  6:10  Adept x3  
  88  6:18  Pylon  
  88  6:19  Pylon  
  88  6:23  Phoenix  
  88  6:24  Assimilator  
  88  6:25  Assimilator  
  90  6:40  Adept x5  
  90  6:41  Adept  
  90  6:44  Phoenix  
  104  6:55  Warp Prism  
  104  7:00  Protoss Ground Armor Level 1  
  106  7:02  Adept  
  106  7:04  Pylon  
  106  7:05  Pylon  
  106  7:07  Pylon  
  108  7:08  Pylon  
  108  7:09  Pylon  
  108  7:11  Pylon  
  108  7:12  Pylon  
  108  7:23  Adept x7  
  122  7:35  Observer  
  122  7:37  Pylon x2  
  123  7:48  Adept x6  
  123  7:49  Adept  
  137  8:06  Observer  
  137  8:09  Templar Archives  
  137  8:10  Nexus  
  137  8:11  Pylon  
  138  8:23  Adept x2  
  138  8:24  Adept x2, Observer  
  138  8:26  Adept x3  
  152  8:27  Adept  
  155  8:37  Photon Cannon x2  
  131  8:58  Photon Cannon  

Tags
 
Add a new tag
Caveats
  • Supply blocks, unpowered buildings, or Contaminate may cause inaccurate times.
  • Supply counts are checked every 10 seconds.